 Dungeon Crawl Stone Soup version 0.29.0-4-gdea44cf6ec (webtiles) character file.

Game seed: 16919346494892333087

106569 qw the Wrestler (level 15, -8/149 HPs)
             Began as a Troll Cinder Acolyte on Sept 1, 2022.
             Was a High Priest of Okawaru.
             Mangled by an orc warrior
             ... wielding a +0 halberd
              (21 damage)
             ... on level 2 of the Orcish Mines.
             The game lasted 00:13:56 (21551 turns).

qw the Wrestler (Troll Cinder Acolyte)             Turns: 21551, Time: 00:13:56

Health: -8/149     AC: 23    Str: 32    XL:     15   Next: 97%
Magic:  21/21      EV: 10    Int: 10    God:    Okawaru [*****.]
Gold:   2853       SH:  0    Dex:  6    Spells: 16/16 levels left

rFire   . . .      SeeInvis +     - Unarmed
rCold   . . .      Faith    .   (no shield)
rNeg    . . .      Spirit   .   A - +6 swamp dragon scales
rPois   +          Reflect  .   i - +2 hat
rElec   .          Harm     .   j - scarf {repulsion}
rCorr   .          Rampage  .   (gloves unavailable)
Will    ++...                   (boots unavailable)
Stlth   +++.......              d - amulet of regeneration
HPRegen 1.94/turn               r - +4 ring of protection
MPRegen 0.17/turn               x - ring of the Slashing Fool {*Slow Will+ Dex+1 SInv Stlth+}

@: about to teleport, heroic, slowed, repel missiles, very slow
A: large, unfitting armour, claws 3, regeneration 1, shaggy fur 1, tough skin 1
a: Renounce Religion, Heroism, Finesse, Duel


You were on level 2 of the Orcish Mines.
You worshipped Okawaru.
Okawaru was extremely pleased with you.
You visited 3 branches of the dungeon, and saw 22 of its levels.
You also visited: Sewer.

You collected 3403 gold pieces.
You spent 550 gold pieces at shops.


Innate Abilities, Weirdness & Mutations

You are too large for most types of armour.
You have claws for hands.
Your natural rate of healing is unusually fast.
You are covered in fur. (AC +1)
You have tough skin. (AC +1)


   Skills:
 - Level 10.0(15.0) Fighting
 - Level 9.0(14.0) Throwing
 - Level 4.0(9.0) Armour
 - Level 3.1(8.1) Dodging
 + Level 21.7(26.7) Unarmed Combat
 - Level 1.0 Spellcasting
 - Level 2.1 Fire Magic
 - Level 10.0 Invocations


You had 16 spell levels left.
You didn't know any spells.
Your spell library contained the following spells:

 Spells                   Type           Power      Damage    Failure   Level
 Scorch                   Fire           8%         2d5       28%         2

Inventory:

Missiles
 e - 18 boomerangs
 f - 3 silver javelins
 p - 95 large rocks (quivered)
 u - 2 boomerangs of dispersal
 y - 6 javelins
Armour
 i - a +2 hat (worn)
 j - a scarf of repulsion (worn)
 k - a +0 cloak
 A - +6 swamp dragon scales (worn)
Jewellery
 b - a ring of fire
 d - an amulet of regeneration (around neck)
 q - a ring of ice
 r - a +4 ring of protection (left claw)
 w - a +2 ring of evasion
 x - the ring of the Slashing Fool (right claw) {*Slow Will+ Dex+1 SInv Stlth+}
   (You bought it in a shop on level 8 of the Dungeon)

   [ring of dexterity]

   Dex:       It affects your dexterity (+1).
   SInv:      It lets you see invisible.
   *Slow:     It may slow you when you take damage.
   Will:      It increases your willpower.
   Stlth:     It makes you more stealthy.
Scrolls
 m - 17 scrolls of identify
 s - a scroll of teleportation
 v - 3 scrolls of enchant weapon
Potions
 a - 7 potions of curing
 c - 4 potions of haste
 g - 7 potions of might
 h - 13 potions of heal wounds
 l - 2 potions of cancellation
 n - a potion of resistance
 o - a potion of mutation
 t - a potion of magic

Dungeon Overview and Level Annotations

Branches:
Dungeon (15/15)            Temple (0/1) D:5            Lair (5/5) D:8
 Shoals (0/4) Lair:3       Spider (0/4) Lair:2        Slime (0/5) Lair:4
    Orc (2/2) D:12            Elf (0/3) Orc:2        Vaults (0/5) D:14
 Depths (0/4) D:15          Sewer (visited)

Altars:
Ashenzari
Makhleb
Nemelex Xobeh
Okawaru
Trog
Vehumet
Wu Jian
Jiyva

Shops:
D:8 *=   D:9 [

Portals:
Trove: D:13 (give +3 storm dragon scales)

Annotations:
D:6 1 runed translucent door, Crazy Yiuf
D:10 2 transporters, qw's ghost, journeyman TrCA
D:12 4 runed translucent doors
D:13 2 transporters
D:15 3 runed translucent doors, Uwkoecio's ghost, journeyman HOFi


Message History

The orc warrior closely misses you. The orc warrior barely misses you.
21549 ||| Stepping ~*~*~tactically~*~*~ (outnumbered).
The orc warrior attacks as you move away!
The orc warrior unwields a +0 arbalest.
The orc warrior wields a +4 broad axe.
The orc warrior barely misses you.
The centaur shoots an arrow.
The arrow hits you! The orc warrior barely misses you.
The orc shoots a bolt.
The bolt barely misses you.
The orc knight shoots a bolt.
The bolt closely misses you.
You eviscerate the orc warrior!!!
You kill the orc warrior!
Okawaru accepts your kill.
The orc no longer looks unusually strong.
The centaur shoots an arrow.
The arrow completely misses you.
The orc warrior hits you from afar with a +0 halberd!!
The orc knight roars a battlecry!
The orc goes into a battle-frenzy!
The orc knight shoots a bolt.
The bolt barely misses you.
The bolt hits the orc warrior!
The orc shoots a bolt.
The bolt hits you but does no damage.
The orc shoots a bolt.
The bolt hits you but does no damage.
The orc warrior throws a boomerang.
The boomerang misses you.
The orc warrior hits you with a +4 broad axe!
The centaur shoots an arrow.
The arrow hits you but does no damage.
21551 ||| READING 2 scrolls of teleportation.
As you read the scroll of teleportation, it crumbles to dust.
You feel strangely unstable.
The centaur shoots an arrow.
The arrow hits you but does no damage.
The orc warrior hits you but does no damage.
The orc knight shoots a bolt.
The bolt closely misses you.
The orc knight shoots a bolt.
The bolt hits you but does no damage.
The orc shoots a bolt.
The bolt hits you.
The orc shoots a bolt.
The bolt closely misses you.
The centaur shoots an arrow.
The arrow hits you but does no damage.
The orc knight shoots a bolt.
The bolt barely misses you.
The bolt closely misses the orc warrior.
The orc knight shoots a bolt.
The bolt misses you.
The orc shoots a bolt.
The bolt hits you but does no damage.
The orc warrior hits you from afar with a +0 halberd!!
You die...

. ~~..........#. .
~~~.......... .
~~~~......# ~
####~~~~.....#. ....
...o........... .....
...oooco....... ~~~~##
##~~~~.....# .~~~~###
###~~~~o)....#. ...~~~~##
##~~~~@ooo...... .....~~~#
#~~~).o)......#. ......~~#
#~~.)).......##
#..##...###...##..##..##
.........................
.........................
##########################


You could see 2 orc knights, 5 orc warriors, a centaur and 3 orcs.

Vanquished Creatures
  A frost giant (D:12)
  A stone giant (Orc:1)
  Snorg (Lair:3)
  3 ettins
  A fire dragon (D:12)
  A boulder beetle (D:15)
  A rakshasa (D:14)
  An ogre mage (Orc:1)
  4 catoblepae
  6 hydras
  A death knight (D:13)
  A two-headed ogre (Orc:1)
  2 centaur warriors
  2 dancing weapons (D:14)
  17 death yaks
  4 tengu warriors
  Urug (Orc:1)
  3 titan zombies (Orc:1)
  Sonja (Orc:2)
  A deep troll (D:15)
  2 skeletal warriors
  Lodul (D:14)
  Pikel (D:8)
  A phantasmal warrior (D:13)
  A deep elf pyromancer (D:10)
  A deep elf zephyrmancer (D:15)
  2 wizards
  4 orc knights
  A harpy (shapeshifter) (D:13)
  A mana viper (shapeshifter) (D:15)
  3 orc sorcerers
  2 necromancers (D:15)
  7 ugly things
  16 cyclopes
  12 elephants
  4 manticores
  6 black mambas
  8 cane toads
  3 gargoyles
  Psyche (D:8)
  Maggie (D:8)
  A torpor snail (Lair:3)
  2 efreet
  2 rime drakes (Lair:5)
  An unseen horror (D:12)
  2 freezing wraiths
  10 komodo dragons
  2 tengu conjurers
  6 trolls
  A polar bear (Lair:2)
  19 blink frogs
  Grinder (Sewer)
  15 slime creatures
  5 dream sheep (Lair:3)
  A snapping turtle (Lair:3)
  2 jumping spiders (Lair:2)
  3 culicivoras (Lair:2)
  3 wraiths
  8 wyverns
  73 yaks
  3 fire bats (Lair:2)
  2 humans (D:7)
  2 vampire mosquitoes (D:9)
  4 basilisks
  2 redbacks (Lair:2)
  18 fire elementals
  A steam dragon (D:8)
  8 wargs (Orc:1)
  A warg (shapeshifter) (D:15)
  2 acid dragons
  24 orc warriors
  11 water moccasins
  5 black bears
  3 sky beasts
  An ice beast (D:8)
  17 ogres
  17 wolves
  19 centaurs
  A lemure (D:8)
  A kobold brigand (D:10)
  22 bullfrogs
  A necrophage (Sewer)
  A gnoll sergeant (D:6)
  A cyclops zombie (Orc:1)
  5 scorpions
  13 wights
  8 killer bees
  5 electric eels
  8 howler monkeys
  23 orc priests
  A hound (D:4)
  3 iguanas (D:5)
  Ijyb (D:5)
  4 hell rats (Lair:5)
  13 orc wizards
  3 polar bear simulacra (D:15)
  4 yak simulacra (D:15)
  3 wolf simulacra (D:15)
  7 gnolls
  A river rat (D:5)
  10 adders
  5 shadow imps
  10 ufetubi
  3 worms
  2 dart slugs
  74 orcs
  6 endoplasms
  9 giant cockroaches
  11 goblins
  8 hobgoblins
  4 jackals
  3 quokkas
  11 ball pythons
  9 bats
  3 frilled lizards
  21 kobolds
  7 rats
  A river rat simulacrum (D:15)
  A spectral goblin (D:1)
755 creatures vanquished.

Vanquished Creatures (others)
  An orc sorcerer (Orc:2)
  An orc warrior (Orc:2)
  3 orcs (Orc:2)
  A bush (Lair:5)
  A butterfly (Lair:3)
  19 fungi
  70 plants
96 creatures vanquished.

Grand Total: 851 creatures vanquished

Notes
Turn   | Place    | Note
-------+----------+-------------------------------------------
     0 | D:1      | qw the Troll Cinder Acolyte began the quest for the Orb.
     0 | D:1      | Reached XP level 1. HP: 22/22 MP: 1/1
     0 | D:1      | 0 ||| qw: Version: 0.1-a-97-g2dd2ca4
     0 | D:1      | 0 ||| qw: Game counter: 4767
     0 | D:1      | 0 ||| qw: Always use a shield: true
     0 | D:1      | 0 ||| qw: God list: Okawaru
     0 | D:1      | 0 ||| qw: Allow faded altars: false
     0 | D:1      | 0 ||| qw: Do Orc after D:15 true
     0 | D:1      | 0 ||| qw: Do second Lair branch before Depths: true
     0 | D:1      | 0 ||| qw: Lair rune preference: random
     0 | D:1      | 0 ||| qw: Plans: Normal
     0 | D:1      | 0 ||| PLANNING D:1-11
   365 | D:1      | Reached XP level 2. HP: 29/29 MP: 2/2
   456 | D:1      | Found a faded altar of an unknown god.
   845 | D:1      | 845 ||| UPGRADING to +2 hat.
   850 | D:1      | 850 ||| UPGRADING to scarf of repulsion.
   855 | D:1      | 855 ||| DROPPING ring of magical power.
   856 | D:1      | 856 ||| READING scroll labelled SEOMEU BOLIE.
   860 | D:1      | 860 ||| READING 2 scrolls labelled WUHINETUABB.
   861 | D:1      | 861 ||| READING scroll labelled SAQUT ECZAIGI.
   862 | D:1      | 862 ||| READING scroll labelled FOISET HIHE.
   863 | D:1      | 863 ||| READING scroll labelled KEMPAW FYJOT.
   964 | D:1      | 964 ||| DROPPING scroll of noise.
   996 | D:2      | 996 ||| STAIRDANCE
  1007 | D:2      | 1007 ||| STAIRDANCE
  1019 | D:2      | Reached skill level 4 in Unarmed Combat
  1053 | D:2      | Reached XP level 3. HP: 30/36 MP: 3/3
  1170 | D:2      | 1170 ||| Stepping ~*~*~tactically~*~*~ (hiding).
  1422 | D:2      | 1422 ||| Stepping ~*~*~tactically~*~*~ (outnumbered).
  1423 | D:2      | 1423 ||| Stepping ~*~*~tactically~*~*~ (outnumbered).
  1424 | D:2      | 1424 ||| Stepping ~*~*~tactically~*~*~ (outnumbered).
  1425 | D:2      | 1425 ||| Stepping ~*~*~tactically~*~*~ (outnumbered).
  1464 | D:2      | Reached XP level 4. HP: 44/44 MP: 4/4
  1504 | D:2      | 1504 ||| INVOKING Fiery Armour.
  1507 | D:2      | Reached skill level 5 in Unarmed Combat
  1875 | D:2      | 1875 ||| DROPPING amulet of magic regeneration.
  1876 | D:2      | 1876 ||| UPGRADING to amulet of guardian spirit.
  1881 | D:2      | 1881 ||| READING scroll labelled ACEKOELEPA.
  1882 | D:2      | 1882 ||| READING scroll labelled PYCAGG COTUCH.
  1883 | D:2      | 1883 ||| DRINKING 4 ruby potions.
  1884 | D:2      | 1884 ||| READING scroll of teleportation.
  2251 | D:3      | 2251 ||| Stepping ~*~*~tactically~*~*~ (stealth).
  2274 | D:3      | 2274 ||| Stepping ~*~*~tactically~*~*~ (stealth).
  2350 | D:3      | 2350 ||| Stepping ~*~*~tactically~*~*~ (stealth).
  2353 | D:3      | 2353 ||| Stepping ~*~*~tactically~*~*~ (stealth).
  2365 | D:3      | Reached XP level 5. HP: 50/50 MP: 5/5
  2368 | D:3      | Identified the +5 arbalest of Luadda {vorpal, Fragile Fly
                  | Str+2}
  2494 | D:3      | Noticed a centaur
  2495 | D:3      | 2495 ||| Stepping ~*~*~tactically~*~*~ (hiding).
  2503 | D:3      | Killed a centaur
  2504 | D:3      | Reached skill level 6 in Unarmed Combat
  2614 | D:3      | 2614 ||| Stepping ~*~*~tactically~*~*~ (stealth).
  2617 | D:3      | 2617 ||| Stepping ~*~*~tactically~*~*~ (stealth).
  2697 | D:3      | 2697 ||| READING scroll labelled SAHO ZILYATECK.
  2698 | D:3      | 2698 ||| DRINKING 2 fizzy emerald potions.
  2699 | D:3      | 2699 ||| READING 4 scrolls of identify.
  2699 | D:3      | 2699 ||| IDENTIFYING fizzy sapphire potion
  2700 | D:3      | 2700 ||| READING 3 scrolls of identify.
  2700 | D:3      | 2700 ||| IDENTIFYING blue potion
  2701 | D:3      | 2701 ||| READING 2 scrolls of identify.
  2701 | D:3      | 2701 ||| IDENTIFYING pink potion
  2702 | D:3      | 2702 ||| DROPPING potion of brilliance.
  2703 | D:3      | 2703 ||| DROPPING potion of magic.
  2733 | D:4      | 2733 ||| Stepping ~*~*~tactically~*~*~ (hiding).
  2744 | D:4      | 2744 ||| INVOKING Fiery Armour.
  2758 | D:4      | 2758 ||| FLEEEEING.
  2759 | D:4      | 2759 ||| FLEEEEING.
  2767 | D:4      | Reached skill level 7 in Unarmed Combat
  2767 | D:4      | Reached XP level 6. HP: 59/59 MP: 6/6
  2773 | D:4      | 2773 ||| Stepping ~*~*~tactically~*~*~ (stealth).
  2799 | D:4      | 2799 ||| Stepping ~*~*~tactically~*~*~ (stealth).
  2800 | D:4      | 2800 ||| Stepping ~*~*~tactically~*~*~ (stealth).
  2812 | D:4      | 2812 ||| Stepping ~*~*~tactically~*~*~ (stealth).
  2831 | D:4      | Found a radiant altar of Vehumet.
  2846 | D:4      | Found a sparkling altar of Nemelex Xobeh.
  3009 | D:4      | Noticed a sky beast
  3039 | D:4      | 3039 ||| Stepping ~*~*~tactically~*~*~ (stealth).
  3086 | D:4      | 3086 ||| Stepping ~*~*~tactically~*~*~ (stealth).
  3094 | D:4      | 3094 ||| Stepping ~*~*~tactically~*~*~ (hiding).
  3276 | D:4      | Reached skill level 8 in Unarmed Combat
  3283 | D:4      | Found a broken altar of Ashenzari.
  3289 | D:4      | Found an ornate altar of the Wu Jian Council.
  3294 | D:4      | Found a bloodstained altar of Trog.
  3485 | D:4      | 3485 ||| DROPPING orb of energy.
  3486 | D:4      | 3486 ||| UPGRADING to ring of willpower.
  3487 | D:4      | 3487 ||| READING scroll labelled DAEXTU UX SIKA.
  3517 | D:5      | Entered Level 5 of the Dungeon
  3518 | D:5      | 3518 ||| PLANNING SEWER
  3550 | D:5      | 3550 ||| Stepping ~*~*~tactically~*~*~ (hiding).
  3555 | D:5      | Reached XP level 7. HP: 66/66 MP: 7/7
  3585 | D:5      | 3585 ||| Stepping ~*~*~tactically~*~*~ (stealth).
  3590 | D:5      | 3590 ||| Stepping ~*~*~tactically~*~*~ (stealth).
  3677 | D:5      | 3677 ||| Stepping ~*~*~tactically~*~*~ (stealth).
  3692 | D:5      | Found a sand-covered staircase.
  3705 | D:5      | Reached skill level 3 in Fighting
  3811 | D:5      | Found a glowing drain.
  3812 | D:5      | 3812 ||| READING scroll labelled HUISEOST NIOHA.
  3813 | D:5      | 3813 ||| READING scroll labelled WYZITI RINAD.
  3814 | D:5      | 3814 ||| READING scroll labelled UZYON XIAFFUE.
  3818 | Sewer    | Entered a sewer
  3856 | Sewer    | 3856 ||| Stepping ~*~*~tactically~*~*~ (stealth).
  3862 | Sewer    | 3862 ||| Stepping ~*~*~tactically~*~*~ (hiding).
  3863 | Sewer    | 3863 ||| Stepping ~*~*~tactically~*~*~ (hiding).
  3884 | Sewer    | 3884 ||| Stepping ~*~*~tactically~*~*~ (stealth).
  3942 | Sewer    | 3942 ||| INVOKING Fiery Armour.
  3956 | Sewer    | 3956 ||| Stepping ~*~*~tactically~*~*~ (stealth).
  3973 | Sewer    | Noticed Grinder
  3974 | Sewer    | 3974 ||| Stepping ~*~*~tactically~*~*~ (hiding).
  3977 | Sewer    | 3977 ||| Stepping ~*~*~tactically~*~*~ (hiding).
  3985 | Sewer    | Killed Grinder
  3986 | Sewer    | Reached skill level 9 in Unarmed Combat
  3997 | Sewer    | Reached skill level 1 in Throwing
  3997 | Sewer    | Reached XP level 8. HP: 75/75 MP: 8/8
  3997 | Sewer    | Found an ancient bone altar of Kikubaaqudgha.
  4009 | Sewer    | Reached skill level 1 in Dodging
  4013 | Sewer    | 4013 ||| Stepping ~*~*~tactically~*~*~ (stealth).
  4134 | Sewer    | 4134 ||| READING scroll labelled PONAIS GEALEBB.
  4134 | Sewer    | Identified a scroll of acquirement
  4134 | Sewer    | 4134 ||| ACQUIRING +2 robe of Uskayaw's Displeasure
                  | {Slay+2}
  4134 | Sewer    | Acquired the +2 robe of Uskayaw's Displeasure {Slay+2}
  4136 | Sewer    | 4136 ||| UPGRADING to +2 robe of Uskayaw's Displeasure
                  | {Slay+2}.
  4146 | Sewer    | 4146 ||| DROPPING +0 robe.
  4147 | Sewer    | 4147 ||| READING scroll labelled WAZILU AHOHAAW.
  4180 | D:5      | 4180 ||| RIP OSSUARY
  4181 | D:5      | 4181 ||| PLANNING D:1-11
  4243 | D:5      | Found a staircase to the Ecumenical Temple.
  4283 | D:5      | 4283 ||| FLEEEEING.
  4299 | D:5      | 4299 ||| FLEEEEING.
  4304 | D:5      | 4304 ||| INVOKING Fiery Armour.
  4404 | D:5      | Noticed Ijyb
  4405 | D:5      | 4405 ||| Stepping ~*~*~tactically~*~*~ (hiding).
  4406 | D:5      | 4406 ||| Stepping ~*~*~tactically~*~*~ (hiding).
  4407 | D:5      | 4407 ||| Stepping ~*~*~tactically~*~*~ (hiding).
  4409 | D:5      | 4409 ||| INVOKING Fiery Armour.
  4412 | D:5      | Killed Ijyb
  4521 | D:5      | Reached skill level 10 in Unarmed Combat
  4631 | D:5      | 4631 ||| FLEEEEING.
  4632 | D:5      | 4632 ||| FLEEEEING.
  4633 | D:5      | 4633 ||| FLEEEEING.
  4634 | D:5      | 4634 ||| FLEEEEING.
  4635 | D:5      | 4635 ||| FLEEEEING.
  4636 | D:5      | 4636 ||| FLEEEEING.
  4637 | D:5      | 4637 ||| FLEEEEING.
  4638 | D:5      | 4638 ||| FLEEEEING.
  4639 | D:5      | 4639 ||| FLEEEEING.
  4640 | D:5      | 4640 ||| FLEEEEING.
  4852 | D:5      | 4852 ||| READING 2 scrolls of identify.
  4852 | D:5      | 4852 ||| IDENTIFYING fizzy brown potion
  4853 | D:5      | 4853 ||| DRINKING potion of experience.
  4853 | D:5      | Reached skill level 15 in Unarmed Combat
  4853 | D:5      | Reached XP level 9. HP: 84/84 MP: 9/9
  4915 | D:6      | 4915 ||| FLEEEEING.
  4916 | D:6      | 4916 ||| FLEEEEING.
  4917 | D:6      | 4917 ||| FLEEEEING.
  5052 | D:6      | 5052 ||| Stepping ~*~*~tactically~*~*~ (stealth).
  5082 | D:6      | 5082 ||| Stepping ~*~*~tactically~*~*~ (stealth).
  5090 | D:6      | 5090 ||| Stepping ~*~*~tactically~*~*~ (outnumbered).
  5221 | D:6      | Reached XP level 10. HP: 89/96 MP: 10/10
  5276 | D:6      | Found a runed translucent door.
  5277 | D:6      | Noticed Crazy Yiuf
  5496 | D:6      | 5496 ||| READING scroll labelled MAIFUIXANN.
  5497 | D:6      | 5497 ||| DRINKING 2 emerald potions.
  5498 | D:6      | 5498 ||| DRINKING 2 yellow potions.
  5499 | D:6      | 5499 ||| DRINKING 2 coppery potions.
  5500 | D:6      | 5500 ||| DROPPING potion of degeneration.
  5501 | D:6      | 5501 ||| DROPPING potion of attraction.
  5516 | D:7      | 5516 ||| STAIRDANCE
  5545 | D:7      | 5545 ||| STAIRDANCE
  5583 | D:7      | 5583 ||| STAIRDANCE
  5654 | D:7      | Found a burning altar of Makhleb.
  5689 | D:7      | 5689 ||| Stepping ~*~*~tactically~*~*~ (stealth).
  5690 | D:7      | 5690 ||| Stepping ~*~*~tactically~*~*~ (stealth).
  5820 | D:7      | Reached skill level 6 in Fighting
  5827 | D:7      | 5827 ||| INVOKING Fiery Armour.
  5828 | D:7      | 5828 ||| Stepping ~*~*~tactically~*~*~ (outnumbered).
  5836 | D:7      | 5836 ||| FLEEEEING.
  5853 | D:7      | 5853 ||| FLEEEEING.
  5854 | D:7      | 5854 ||| FLEEEEING.
  5855 | D:7      | 5855 ||| FLEEEEING.
  5866 | D:7      | 5866 ||| Stepping ~*~*~tactically~*~*~ (hiding).
  5953 | D:7      | 5953 ||| Stepping ~*~*~tactically~*~*~ (hiding).
  6077 | D:7      | Found an iron altar of Okawaru.
  6134 | D:7      | 6134 ||| FLEEEEING.
  6593 | D:7      | 6593 ||| UPGRADING to ring of willpower.
  6594 | D:7      | 6594 ||| READING 3 scrolls of identify.
  6594 | D:7      | 6594 ||| IDENTIFYING fuming emerald potion
  6618 | D:8      | 6618 ||| Stepping ~*~*~tactically~*~*~ (stealth).
  6623 | D:8      | 6623 ||| Stepping ~*~*~tactically~*~*~ (stealth).
  6624 | D:8      | 6624 ||| Stepping ~*~*~tactically~*~*~ (stealth).
  6639 | D:8      | 6639 ||| Stepping ~*~*~tactically~*~*~ (outnumbered).
  6640 | D:8      | 6640 ||| Stepping ~*~*~tactically~*~*~ (outnumbered).
  6681 | D:8      | 6681 ||| Stepping ~*~*~tactically~*~*~ (stealth).
  6682 | D:8      | 6682 ||| Stepping ~*~*~tactically~*~*~ (stealth).
  6683 | D:8      | 6683 ||| Stepping ~*~*~tactically~*~*~ (stealth).
  6694 | D:8      | 6694 ||| FLEEEEING.
  6695 | D:8      | 6695 ||| FLEEEEING.
  6756 | D:8      | Noticed Psyche
  6760 | D:8      | Killed Psyche
  6874 | D:8      | Noticed Pikel
  6875 | D:8      | 6875 ||| Stepping ~*~*~tactically~*~*~ (stealth).
  6877 | D:8      | 6877 ||| Stepping ~*~*~tactically~*~*~ (hiding).
  6887 | D:8      | Killed Pikel
  6888 | D:8      | Reached skill level 16 in Unarmed Combat
  6917 | D:8      | 6917 ||| Stepping ~*~*~tactically~*~*~ (hiding).
  6935 | D:8      | Found Hite's One-of-a-Kind Rings.
  6936 | D:8      | 6936 ||| Stepping ~*~*~tactically~*~*~ (stealth).
  6956 | D:8      | 6956 ||| SHOPLISTING +10 ring of dexterity (1274 gold, have
                  | 599).
  6956 | D:8      | 6956 ||| BUYING +2 ring of evasion (140 gold).
  6956 | D:8      | Bought a +2 ring of evasion for 140 gold pieces
  6956 | D:8      | 6956 ||| SHOPLISTING +6 ring of evasion (1092 gold, have
                  | 459).
  6956 | D:8      | 6956 ||| SHOPLISTING +6 ring of protection (1092 gold, have
                  | 459).
  6956 | D:8      | 6956 ||| SHOPLISTING +6 ring of slaying (2013 gold, have
                  | 459).
  6956 | D:8      | 6956 ||| SHOPLISTING ring "Cuuschyare" {+Blink Fly rF-
                  | rCorr Str+4} (539 gold, have 459).
  6956 | D:8      | 6956 ||| BUYING ring of the Slashing Fool {*Slow Will+
                  | Dex+1 SInv Stlth+} (210 gold).
  6956 | D:8      | Bought the ring of the Slashing Fool {*Slow Will+ Dex+1
                  | SInv Stlth+} for 210 gold pieces
  6969 | D:8      | 6969 ||| Stepping ~*~*~tactically~*~*~ (stealth).
  6972 | D:8      | 6972 ||| Stepping ~*~*~tactically~*~*~ (hiding).
  6986 | D:8      | Identified the +8 trident of the Beast {vorpal, Str+4}
  6988 | D:8      | 6988 ||| INVOKING Fiery Armour.
  6989 | D:8      | 6989 ||| Stepping ~*~*~tactically~*~*~ (outnumbered).
  6993 | D:8      | 6993 ||| Stepping ~*~*~tactically~*~*~ (outnumbered).
  7001 | D:8      | 7001 ||| Stepping ~*~*~tactically~*~*~ (stealth).
  7003 | D:8      | 7003 ||| Stepping ~*~*~tactically~*~*~ (hiding).
  7006 | D:8      | 7006 ||| Stepping ~*~*~tactically~*~*~ (hiding).
  7020 | D:8      | Reached XP level 11. HP: 91/107 MP: 8/11
  7023 | D:8      | 7023 ||| FLEEEEING.
  7024 | D:8      | 7024 ||| FLEEEEING.
  7025 | D:8      | 7025 ||| FLEEEEING.
  7051 | D:8      | 7051 ||| Stepping ~*~*~tactically~*~*~ (stealth).
  7052 | D:8      | 7052 ||| Stepping ~*~*~tactically~*~*~ (stealth).
  7053 | D:8      | 7053 ||| Stepping ~*~*~tactically~*~*~ (stealth).
  7066 | D:8      | 7066 ||| Stepping ~*~*~tactically~*~*~ (stealth).
  7067 | D:8      | 7067 ||| Stepping ~*~*~tactically~*~*~ (stealth).
  7074 | D:8      | 7074 ||| Stepping ~*~*~tactically~*~*~ (stealth).
  7080 | D:8      | 7080 ||| Stepping ~*~*~tactically~*~*~ (stealth).
  7121 | D:8      | Noticed Maggie
  7130 | D:8      | Killed Maggie
  7286 | D:8      | Found a staircase to the Lair.
  7326 | D:8      | Found Kafut's Demolitions Depot.
  7368 | D:8      | 7368 ||| PLANNING LAIR
  7368 | D:8      | 7368 ||| UPGRADING to +0 swamp dragon scales.
  7378 | D:8      | 7378 ||| DROPPING +2 robe of Uskayaw's Displeasure
                  | {Slay+2}.
  7379 | D:8      | 7379 ||| READING 2 scrolls of enchant armour.
  7379 | D:8      | 7379 ||| ENCHANTING +0 swamp dragon scales.
  7380 | D:8      | 7380 ||| READING scroll of enchant armour.
  7380 | D:8      | 7380 ||| ENCHANTING +1 swamp dragon scales.
  7381 | D:8      | 7381 ||| DROPPING ring of flight.
  7382 | D:8      | 7382 ||| UPGRADING to ring of the Slashing Fool {*Slow
                  | Will+ Dex+1 SInv Stlth+}.
  7384 | D:8      | 7384 ||| DROPPING ring of willpower.
  7385 | D:8      | 7385 ||| DRINKING 2 white potions.
  7386 | D:8      | 7386 ||| DRINKING 2 viscous coppery potions.
  7403 | D:8      | 7403 ||| DROPPING potion of invisibility.
  7404 | D:8      | 7404 ||| DROPPING potion of lignification.
  7433 | Lair:1   | Entered Level 1 of the Lair of Beasts
  7517 | Lair:1   | Reached skill level 1 in Armour
  7553 | Lair:1   | 7553 ||| Stepping ~*~*~tactically~*~*~ (stealth).
  7555 | Lair:1   | 7555 ||| INVOKING Fiery Armour.
  7590 | Lair:1   | 7590 ||| Stepping ~*~*~tactically~*~*~ (stealth).
  7591 | Lair:1   | 7591 ||| Stepping ~*~*~tactically~*~*~ (stealth).
  7592 | Lair:1   | 7592 ||| Stepping ~*~*~tactically~*~*~ (stealth).
  7593 | Lair:1   | 7593 ||| Stepping ~*~*~tactically~*~*~ (stealth).
  7594 | Lair:1   | 7594 ||| Stepping ~*~*~tactically~*~*~ (stealth).
  7595 | Lair:1   | 7595 ||| Stepping ~*~*~tactically~*~*~ (stealth).
  7608 | Lair:1   | Reached skill level 3 in Armour
  7789 | Lair:1   | Reached skill level 3 in Throwing
  8018 | Lair:1   | 8018 ||| INVOKING Fiery Armour.
  8181 | Lair:2   | Noticed a death yak
  8181 | Lair:2   | Noticed a death yak
  8181 | Lair:2   | Noticed a death yak
  8181 | Lair:2   | Noticed a death yak
  8181 | Lair:2   | Noticed a death yak
  8181 | Lair:2   | Noticed a death yak
  8182 | Lair:2   | 8182 ||| STAIRDANCE
  8184 | Lair:1   | 8184 ||| INVOKING Fiery Armour.
  8185 | Lair:1   | 8185 ||| Stepping ~*~*~tactically~*~*~ (outnumbered).
  8186 | Lair:1   | 8186 ||| Stepping ~*~*~tactically~*~*~ (outnumbered).
  8187 | Lair:1   | 8187 ||| Stepping ~*~*~tactically~*~*~ (outnumbered).
  8188 | Lair:1   | 8188 ||| Stepping ~*~*~tactically~*~*~ (outnumbered).
  8191 | Lair:1   | Killed a death yak
  8193 | Lair:1   | Killed a death yak
  8221 | Lair:2   | 8221 ||| STAIRDANCE
  8223 | Lair:1   | 8223 ||| Stepping ~*~*~tactically~*~*~ (outnumbered).
  8227 | Lair:1   | 8227 ||| Stepping ~*~*~tactically~*~*~ (outnumbered).
  8244 | Lair:1   | Killed a death yak
  8244 | Lair:1   | HP: 14/109 [death yak (17)]
  8245 | Lair:1   | Reached skill level 17 in Unarmed Combat
  8245 | Lair:1   | 8245 ||| READING 6 scrolls of teleportation.
  8246 | Lair:1   | 8246 ||| DRINKING 7 potions of heal wounds.
  8250 | Lair:1   | Killed a death yak
  8334 | Lair:2   | 8334 ||| STAIRDANCE
  8340 | Lair:2   | 8340 ||| STAIRDANCE
  8351 | Lair:2   | 8351 ||| STAIRDANCE
  8366 | Lair:2   | 8366 ||| STAIRDANCE
  8397 | Lair:2   | 8397 ||| STAIRDANCE
  8399 | Lair:1   | 8399 ||| INVOKING Fiery Armour.
  8400 | Lair:1   | 8400 ||| Stepping ~*~*~tactically~*~*~ (outnumbered).
  8401 | Lair:1   | 8401 ||| Stepping ~*~*~tactically~*~*~ (outnumbered).
  8402 | Lair:1   | 8402 ||| Stepping ~*~*~tactically~*~*~ (outnumbered).
  8406 | Lair:1   | Killed a death yak
  8407 | Lair:1   | Reached XP level 12. HP: 85/118 MP: 8/12
  8412 | Lair:1   | Killed a death yak
  8472 | Lair:2   | 8472 ||| Stepping ~*~*~tactically~*~*~ (stealth).
  8485 | Lair:2   | Found a hole to the Spider Nest.
  8519 | Lair:2   | 8519 ||| FLEEEEING.
  8520 | Lair:2   | 8520 ||| FLEEEEING.
  8521 | Lair:2   | 8521 ||| FLEEEEING.
  8522 | Lair:2   | 8522 ||| FLEEEEING.
  8525 | Lair:2   | 8525 ||| FLEEEEING.
  8526 | Lair:2   | 8526 ||| FLEEEEING.
  8527 | Lair:2   | 8527 ||| FLEEEEING.
  8630 | Lair:2   | 8630 ||| Stepping ~*~*~tactically~*~*~ (stealth).
  8632 | Lair:2   | 8632 ||| Stepping ~*~*~tactically~*~*~ (stealth).
  8634 | Lair:2   | 8634 ||| Stepping ~*~*~tactically~*~*~ (stealth).
  8636 | Lair:2   | 8636 ||| Stepping ~*~*~tactically~*~*~ (stealth).
  8644 | Lair:2   | Reached skill level 18 in Unarmed Combat
  8739 | Lair:2   | 8739 ||| INVOKING Fiery Armour.
  8741 | Lair:2   | 8741 ||| Stepping ~*~*~tactically~*~*~ (outnumbered).
  8742 | Lair:2   | 8742 ||| Stepping ~*~*~tactically~*~*~ (outnumbered).
  8743 | Lair:2   | 8743 ||| Stepping ~*~*~tactically~*~*~ (outnumbered).
  8935 | Lair:2   | 8935 ||| Stepping ~*~*~tactically~*~*~ (stealth).
  8937 | Lair:2   | 8937 ||| Stepping ~*~*~tactically~*~*~ (stealth).
  8939 | Lair:2   | 8939 ||| Stepping ~*~*~tactically~*~*~ (stealth).
  8941 | Lair:2   | 8941 ||| Stepping ~*~*~tactically~*~*~ (stealth).
  9000 | Lair:2   | 9000 ||| Stepping ~*~*~tactically~*~*~ (outnumbered).
  9288 | Lair:3   | 9288 ||| Stepping ~*~*~tactically~*~*~ (stealth).
  9305 | Lair:3   | 9305 ||| Stepping ~*~*~tactically~*~*~ (outnumbered).
  9306 | Lair:3   | 9306 ||| STAIRDANCE
  9308 | Lair:2   | 9308 ||| Stepping ~*~*~tactically~*~*~ (outnumbered).
  9309 | Lair:2   | 9309 ||| Stepping ~*~*~tactically~*~*~ (outnumbered).
  9310 | Lair:2   | 9310 ||| Stepping ~*~*~tactically~*~*~ (outnumbered).
  9311 | Lair:2   | 9311 ||| Stepping ~*~*~tactically~*~*~ (outnumbered).
  9312 | Lair:2   | 9312 ||| Stepping ~*~*~tactically~*~*~ (outnumbered).
  9331 | Lair:3   | 9331 ||| STAIRDANCE
  9332 | Lair:3   | 9332 ||| Stepping ~*~*~tactically~*~*~ (outnumbered).
  9343 | Lair:3   | 9343 ||| FLEEEEING.
  9344 | Lair:3   | 9344 ||| FLEEEEING.
  9350 | Lair:3   | 9350 ||| STAIRDANCE
  9473 | Lair:3   | Reached skill level 19 in Unarmed Combat
  9509 | Lair:3   | Noticed Snorg
  9510 | Lair:3   | 9510 ||| Stepping ~*~*~tactically~*~*~ (stealth).
  9512 | Lair:3   | 9512 ||| INVOKING Fiery Armour.
  9522 | Lair:3   | Killed Snorg
  9523 | Lair:3   | Reached XP level 13. HP: 45/127 MP: 4/13
  9523 | Lair:3   | 9523 ||| FLEEEEING.
  9614 | Lair:3   | 9614 ||| PLANNING CONVERSION TO OKAWARU
  9766 | D:7      | Fell from the grace of Ignis
  9766 | D:7      | Became a worshipper of Warmaster Okawaru
  9767 | D:7      | 9767 ||| PLANNING LAIR
  9767 | D:7      | 9767 ||| REMOVING amulet of guardian spirit.
  9772 | D:7      | 9772 ||| UPGRADING to amulet of regeneration.
  9777 | D:7      | 9777 ||| DROPPING amulet of guardian spirit.
  9778 | D:7      | 9778 ||| READING scroll labelled BIELUT YWKU.
  9883 | Lair:3   | 9883 ||| STAIRDANCE
  9967 | Lair:3   | 9967 ||| Stepping ~*~*~tactically~*~*~ (cloud).
  9984 | Lair:3   | 9984 ||| Stepping ~*~*~tactically~*~*~ (outnumbered).
  9986 | Lair:3   | 9986 ||| Stepping ~*~*~tactically~*~*~ (outnumbered).
  9987 | Lair:3   | 9987 ||| Stepping ~*~*~tactically~*~*~ (outnumbered).
 10086 | Lair:3   | 10086 ||| Stepping ~*~*~tactically~*~*~ (stealth).
 10088 | Lair:3   | 10088 ||| Stepping ~*~*~tactically~*~*~ (stealth).
 10107 | Lair:3   | Reached * piety under Okawaru
 10108 | Lair:3   | 10108 ||| INVOKING Heroism.
 10114 | Lair:3   | Reached skill level 9 in Fighting
 10230 | Lair:3   | 10230 ||| Stepping ~*~*~tactically~*~*~ (stealth).
 10232 | Lair:3   | 10232 ||| INVOKING Heroism.
 10240 | Lair:3   | Reached skill level 1 in Invocations
 10455 | Lair:3   | Found a staircase to the Shoals.
 10699 | Lair:4   | 10699 ||| INVOKING Heroism.
 10701 | Lair:4   | 10701 ||| STAIRDANCE
 10716 | Lair:4   | 10716 ||| STAIRDANCE
 10718 | Lair:3   | 10718 ||| Stepping ~*~*~tactically~*~*~ (outnumbered).
 10719 | Lair:3   | 10719 ||| Stepping ~*~*~tactically~*~*~ (outnumbered).
 10720 | Lair:3   | 10720 ||| Stepping ~*~*~tactically~*~*~ (outnumbered).
 10721 | Lair:3   | 10721 ||| Stepping ~*~*~tactically~*~*~ (outnumbered).
 10723 | Lair:3   | 10723 ||| Stepping ~*~*~tactically~*~*~ (outnumbered).
 10726 | Lair:3   | 10726 ||| INVOKING Heroism.
 10777 | Lair:4   | Found a staircase to the Slime Pits.
 10777 | Lair:4   | Found a viscous altar of Jiyva.
 10798 | Lair:4   | 10798 ||| Stepping ~*~*~tactically~*~*~ (stealth).
 10799 | Lair:4   | 10799 ||| Stepping ~*~*~tactically~*~*~ (stealth).
 10801 | Lair:4   | 10801 ||| Stepping ~*~*~tactically~*~*~ (stealth).
 10807 | Lair:4   | 10807 ||| INVOKING Heroism.
 10815 | Lair:4   | 10815 ||| Stepping ~*~*~tactically~*~*~ (outnumbered).
 10816 | Lair:4   | 10816 ||| Stepping ~*~*~tactically~*~*~ (outnumbered).
 10817 | Lair:4   | 10817 ||| Stepping ~*~*~tactically~*~*~ (outnumbered).
 10818 | Lair:4   | 10818 ||| Stepping ~*~*~tactically~*~*~ (outnumbered).
 10819 | Lair:4   | 10819 ||| Stepping ~*~*~tactically~*~*~ (outnumbered).
 10866 | Lair:4   | 10866 ||| INVOKING Heroism.
 10871 | Lair:4   | Reached skill level 3 in Invocations
 10899 | Lair:4   | You fall into a shaft and drop 1 floor!
 10899 | Lair:5   | Entered Level 5 of the Lair of Beasts
 10900 | Lair:5   | 10900 ||| Stepping ~*~*~tactically~*~*~ (hiding).
 10901 | Lair:5   | 10901 ||| INVOKING Heroism.
 10902 | Lair:5   | 10902 ||| Stepping ~*~*~tactically~*~*~ (outnumbered).
 10905 | Lair:5   | 10905 ||| Stepping ~*~*~tactically~*~*~ (outnumbered).
 10907 | Lair:5   | Reached ** piety under Okawaru
 10908 | Lair:5   | 10908 ||| Stepping ~*~*~tactically~*~*~ (outnumbered).
 10921 | Lair:5   | 10921 ||| Stepping ~*~*~tactically~*~*~ (outnumbered).
 10922 | Lair:5   | 10922 ||| Stepping ~*~*~tactically~*~*~ (outnumbered).
 10923 | Lair:5   | 10923 ||| Stepping ~*~*~tactically~*~*~ (outnumbered).
 10951 | Lair:5   | 10951 ||| Stepping ~*~*~tactically~*~*~ (stealth).
 10953 | Lair:5   | 10953 ||| Stepping ~*~*~tactically~*~*~ (stealth).
 10955 | Lair:5   | 10955 ||| INVOKING Heroism.
 10973 | Lair:5   | Reached *** piety under Okawaru
 10974 | Lair:5   | 10974 ||| Stepping ~*~*~tactically~*~*~ (outnumbered).
 10975 | Lair:5   | 10975 ||| Stepping ~*~*~tactically~*~*~ (outnumbered).
 10976 | Lair:5   | 10976 ||| Stepping ~*~*~tactically~*~*~ (outnumbered).
 10977 | Lair:5   | 10977 ||| Stepping ~*~*~tactically~*~*~ (stealth).
 11550 | Lair:5   | 11550 ||| Stepping ~*~*~tactically~*~*~ (stealth).
 11561 | Lair:5   | 11561 ||| Stepping ~*~*~tactically~*~*~ (stealth).
 11571 | Lair:5   | Reached skill level 20 in Unarmed Combat
 11575 | Lair:5   | 11575 ||| READING scroll of enchant armour.
 11575 | Lair:5   | 11575 ||| ENCHANTING +2 swamp dragon scales.
 11601 | Lair:5   | 11601 ||| INVOKING Heroism.
 11610 | Lair:5   | Reached **** piety under Okawaru
 11836 | Lair:5   | 11836 ||| INVOKING Heroism.
 11838 | Lair:5   | 11838 ||| Stepping ~*~*~tactically~*~*~ (outnumbered).
 11839 | Lair:5   | 11839 ||| Stepping ~*~*~tactically~*~*~ (outnumbered).
 11840 | Lair:5   | 11840 ||| Stepping ~*~*~tactically~*~*~ (outnumbered).
 11921 | Lair:5   | 11921 ||| INVOKING Heroism.
 11965 | Lair:5   | 11965 ||| Stepping ~*~*~tactically~*~*~ (hiding).
 11966 | Lair:5   | 11966 ||| Stepping ~*~*~tactically~*~*~ (hiding).
 11969 | Lair:5   | 11969 ||| INVOKING Heroism.
 11972 | Lair:5   | 11972 ||| Stepping ~*~*~tactically~*~*~ (cloud).
 11974 | Lair:5   | Reached XP level 14. HP: 140/140 MP: 13/16
 12239 | Lair:5   | 12239 ||| Stepping ~*~*~tactically~*~*~ (stealth).
 12241 | Lair:5   | 12241 ||| Stepping ~*~*~tactically~*~*~ (stealth).
 12242 | Lair:5   | 12242 ||| Stepping ~*~*~tactically~*~*~ (stealth).
 12245 | Lair:5   | 12245 ||| Stepping ~*~*~tactically~*~*~ (outnumbered).
 12246 | Lair:5   | 12246 ||| Stepping ~*~*~tactically~*~*~ (outnumbered).
 12247 | Lair:5   | 12247 ||| Stepping ~*~*~tactically~*~*~ (stealth).
 12256 | Lair:5   | 12256 ||| INVOKING Heroism.
 12260 | Lair:5   | Received a gift from Okawaru
 12265 | Lair:5   | 12265 ||| Stepping ~*~*~tactically~*~*~ (outnumbered).
 12266 | Lair:5   | 12266 ||| Stepping ~*~*~tactically~*~*~ (outnumbered).
 12272 | Lair:5   | Reached ***** piety under Okawaru
 12311 | Lair:5   | 12311 ||| Stepping ~*~*~tactically~*~*~ (stealth).
 12313 | Lair:5   | 12313 ||| INVOKING Heroism.
 12314 | Lair:5   | 12314 ||| INVOKING Finesse.
 12315 | Lair:5   | 12315 ||| INVOKING Finesse.
 12317 | Lair:5   | 12317 ||| Stepping ~*~*~tactically~*~*~ (cloud).
 12365 | Lair:5   | 12365 ||| INVOKING Heroism.
 12366 | Lair:5   | 12366 ||| INVOKING Finesse.
 12370 | Lair:5   | Received a gift from Okawaru
 12379 | Lair:5   | Reached skill level 6 in Invocations
 12383 | Lair:5   | 12383 ||| Stepping ~*~*~tactically~*~*~ (outnumbered).
 12385 | Lair:5   | 12385 ||| Stepping ~*~*~tactically~*~*~ (outnumbered).
 12386 | Lair:5   | 12386 ||| Stepping ~*~*~tactically~*~*~ (outnumbered).
 12396 | Lair:5   | 12396 ||| Stepping ~*~*~tactically~*~*~ (stealth).
 12400 | Lair:5   | 12400 ||| Stepping ~*~*~tactically~*~*~ (stealth).
 12410 | Lair:5   | 12410 ||| Stepping ~*~*~tactically~*~*~ (stealth).
 12479 | Lair:5   | 12479 ||| INVOKING Heroism.
 12483 | Lair:5   | 12483 ||| DRINKING 3 potions of cancellation.
 12484 | Lair:5   | 12484 ||| DRINKING 2 potions of cancellation.
 12485 | Lair:5   | 12485 ||| DRINKING potion of cancellation.
 12499 | Lair:5   | Reached skill level 6 in Throwing
 12523 | Lair:5   | Identified the +8 glaive "Urghepuc" {vorpal, rCorr}
 12599 | Lair:5   | 12599 ||| Stepping ~*~*~tactically~*~*~ (stealth).
 12601 | Lair:5   | 12601 ||| Stepping ~*~*~tactically~*~*~ (stealth).
 12603 | Lair:5   | 12603 ||| Stepping ~*~*~tactically~*~*~ (stealth).
 12604 | Lair:5   | 12604 ||| Stepping ~*~*~tactically~*~*~ (stealth).
 12801 | Lair:5   | 12801 ||| PLANNING D:1-11
 12801 | Lair:5   | 12801 ||| READING 10 scrolls of identify.
 12801 | Lair:5   | 12801 ||| IDENTIFYING inky potion
 12801 | Lair:5   | Was forgiven by Ignis
 12802 | Lair:5   | 12802 ||| DRINKING 3 potions of curing.
 12802 | Lair:5   | 12802 ||| (to cure confusion)
 12803 | Lair:5   | 12803 ||| Stepping ~*~*~tactically~*~*~ (outnumbered).
 12828 | Lair:5   | 12828 ||| DROPPING potion of berserk rage.
 12983 | D:9      | 12983 ||| INVOKING Heroism.
 12984 | D:9      | 12984 ||| STAIRDANCE
 12999 | D:9      | 12999 ||| STAIRDANCE
 13001 | D:8      | 13001 ||| Stepping ~*~*~tactically~*~*~ (outnumbered).
 13002 | D:8      | 13002 ||| Stepping ~*~*~tactically~*~*~ (outnumbered).
 13004 | D:8      | 13004 ||| Stepping ~*~*~tactically~*~*~ (outnumbered).
 13005 | D:8      | 13005 ||| Stepping ~*~*~tactically~*~*~ (outnumbered).
 13006 | D:8      | 13006 ||| Stepping ~*~*~tactically~*~*~ (outnumbered).
 13013 | D:8      | 13013 ||| Stepping ~*~*~tactically~*~*~ (outnumbered).
 13015 | D:8      | 13015 ||| Stepping ~*~*~tactically~*~*~ (outnumbered).
 13150 | D:9      | 13150 ||| Stepping ~*~*~tactically~*~*~ (stealth).
 13287 | D:9      | 13287 ||| Stepping ~*~*~tactically~*~*~ (stealth).
 13401 | D:9      | Found Kikomed's Antique Armour Boutique.
 13412 | D:9      | 13412 ||| BUYING embroidered scarf (200 gold).
 13412 | D:9      | Bought an embroidered scarf for 200 gold pieces
 13413 | D:9      | 13413 ||| Stepping ~*~*~tactically~*~*~ (stealth).
 13415 | D:9      | 13415 ||| Stepping ~*~*~tactically~*~*~ (hiding).
 13615 | D:9      | 13615 ||| DROPPING scarf of invisibility.
 13624 | D:9      | 13624 ||| READING 6 scrolls of teleportation.
 13705 | D:9      | 13705 ||| READING 5 scrolls of teleportation.
 13762 | D:9      | 13762 ||| READING 4 scrolls of teleportation.
 13807 | D:9      | 13807 ||| READING 3 scrolls of teleportation.
 13841 | D:9      | 13841 ||| READING 2 scrolls of teleportation.
 13893 | D:9      | 13893 ||| Stepping ~*~*~tactically~*~*~ (stealth).
 13894 | D:9      | 13894 ||| Stepping ~*~*~tactically~*~*~ (stealth).
 13898 | D:9      | 13898 ||| READING scroll of teleportation.
 13944 | D:9      | 13944 ||| Stepping ~*~*~tactically~*~*~ (stealth).
 13948 | D:9      | 13948 ||| Stepping ~*~*~tactically~*~*~ (stealth).
 13951 | D:9      | 13951 ||| Stepping ~*~*~tactically~*~*~ (stealth).
 13953 | D:9      | 13953 ||| Stepping ~*~*~tactically~*~*~ (stealth).
 13984 | D:9      | 13984 ||| Stepping randomly (stuck).
 13985 | D:9      | 13985 ||| Stepping randomly (stuck).
 13986 | D:9      | 13986 ||| Stepping randomly (stuck).
 13987 | D:9      | 13987 ||| Stepping randomly (stuck).
 13989 | D:9      | 13989 ||| Stepping randomly (stuck).
 13990 | D:9      | 13990 ||| Stepping randomly (stuck).
 13991 | D:9      | 13991 ||| Stepping randomly (stuck).
 13993 | D:9      | 13993 ||| Stepping randomly (stuck).
 13994 | D:9      | 13994 ||| Stepping randomly (stuck).
 13995 | D:9      | 13995 ||| Stepping randomly (stuck).
 13996 | D:9      | 13996 ||| Stepping randomly (stuck).
 13997 | D:9      | 13997 ||| Stepping randomly (stuck).
 13999 | D:9      | 13999 ||| Stepping ~*~*~tactically~*~*~ (hiding).
 14104 | D:9      | 14104 ||| Stepping randomly (stuck).
 14159 | D:9      | 14159 ||| DROPPING scarf of shadows.
 14203 | D:10     | Entered Level 10 of the Dungeon
 14285 | D:10     | 14285 ||| Stepping ~*~*~tactically~*~*~ (stealth).
 14296 | D:10     | 14296 ||| READING scroll of enchant armour.
 14296 | D:10     | 14296 ||| ENCHANTING +3 swamp dragon scales.
 14442 | D:10     | 14442 ||| Stepping ~*~*~tactically~*~*~ (stealth).
 14450 | D:10     | 14450 ||| Stepping ~*~*~tactically~*~*~ (stealth).
 14452 | D:10     | 14452 ||| Stepping ~*~*~tactically~*~*~ (stealth).
 14457 | D:10     | 14457 ||| Stepping ~*~*~tactically~*~*~ (outnumbered).
 14558 | D:10     | Found a transporter.
 14561 | D:10     | Found a transporter.
 14574 | D:10     | Noticed qw's ghost (journeyman TrCA)
 14577 | D:10     | 14577 ||| Stepping ~*~*~tactically~*~*~ (stealth).
 14579 | D:10     | 14579 ||| Stepping ~*~*~tactically~*~*~ (stealth).
 14581 | D:10     | 14581 ||| Stepping ~*~*~tactically~*~*~ (stealth).
 14584 | D:10     | 14584 ||| INVOKING Heroism.
 14585 | D:10     | 14585 ||| Stepping ~*~*~tactically~*~*~ (outnumbered).
 14591 | D:10     | 14591 ||| Stepping ~*~*~tactically~*~*~ (outnumbered).
 14747 | D:10     | 14747 ||| Stepping ~*~*~tactically~*~*~ (stealth).
 14918 | D:10     | 14918 ||| Stepping ~*~*~tactically~*~*~ (hiding).
 14919 | D:10     | 14919 ||| Stepping ~*~*~tactically~*~*~ (hiding).
 14949 | D:10     | 14949 ||| Stepping ~*~*~tactically~*~*~ (stealth).
 14950 | D:10     | 14950 ||| INVOKING Heroism.
 14951 | D:10     | 14951 ||| Stepping ~*~*~tactically~*~*~ (stealth).
 14995 | D:10     | Identified the amulet "Forytugh" {RegenMP Harm rC- Int+6}
 15013 | D:10     | 15013 ||| Stepping ~*~*~tactically~*~*~ (stealth).
 15048 | D:10     | 15048 ||| DROPPING amulet "Forytugh" {RegenMP Harm rC-
                  | Int+6}.
 15049 | D:10     | 15049 ||| READING 15 scrolls of identify.
 15049 | D:10     | 15049 ||| IDENTIFYING bubbling grey potion
 15050 | D:10     | 15050 ||| DROPPING potion of flight.
 15104 | D:10     | 15104 ||| Stepping randomly (stuck).
 15216 | D:11     | 15216 ||| Stepping ~*~*~tactically~*~*~ (stealth).
 15395 | D:11     | 15395 ||| INVOKING Heroism.
 15396 | D:11     | 15396 ||| INVOKING Finesse.
 15460 | D:11     | Received a gift from Okawaru
 15711 | D:11     | 15711 ||| Stepping ~*~*~tactically~*~*~ (hiding).
 15958 | D:11     | 15958 ||| PLANNING D
 16030 | D:12     | Noticed a frost giant
 16031 | D:12     | 16031 ||| INVOKING Heroism.
 16032 | D:12     | 16032 ||| INVOKING Finesse.
 16043 | D:12     | Killed a frost giant
 16164 | D:12     | 16164 ||| INVOKING Heroism.
 16174 | D:12     | Received a gift from Okawaru
 16222 | D:12     | 16222 ||| READING scroll of enchant armour.
 16222 | D:12     | 16222 ||| ENCHANTING +4 swamp dragon scales.
 16423 | D:12     | Found a runed translucent door.
 16442 | D:12     | Found a runed translucent door.
 16454 | D:12     | 16454 ||| Stepping ~*~*~tactically~*~*~ (hiding).
 16556 | D:12     | Found a runed translucent door.
 16569 | D:12     | Found a runed translucent door.
 16668 | D:12     | 16668 ||| INVOKING Heroism.
 16676 | D:12     | 16676 ||| Stepping ~*~*~tactically~*~*~ (outnumbered).
 16677 | D:12     | 16677 ||| Stepping ~*~*~tactically~*~*~ (outnumbered).
 16684 | D:12     | 16684 ||| Stepping ~*~*~tactically~*~*~ (outnumbered).
 16685 | D:12     | 16685 ||| Stepping ~*~*~tactically~*~*~ (outnumbered).
 16686 | D:12     | 16686 ||| Stepping ~*~*~tactically~*~*~ (outnumbered).
 16687 | D:12     | 16687 ||| Stepping ~*~*~tactically~*~*~ (outnumbered).
 16695 | D:12     | 16695 ||| Stepping ~*~*~tactically~*~*~ (outnumbered).
 16696 | D:12     | 16696 ||| Stepping ~*~*~tactically~*~*~ (outnumbered).
 16699 | D:12     | 16699 ||| Stepping ~*~*~tactically~*~*~ (outnumbered).
 16700 | D:12     | 16700 ||| Stepping ~*~*~tactically~*~*~ (outnumbered).
 16701 | D:12     | 16701 ||| Stepping ~*~*~tactically~*~*~ (outnumbered).
 16702 | D:12     | 16702 ||| Stepping ~*~*~tactically~*~*~ (outnumbered).
 16703 | D:12     | 16703 ||| Stepping ~*~*~tactically~*~*~ (outnumbered).
 16704 | D:12     | 16704 ||| Stepping ~*~*~tactically~*~*~ (outnumbered).
 16707 | D:12     | 16707 ||| Stepping ~*~*~tactically~*~*~ (hiding).
 16711 | D:12     | 16711 ||| Stepping ~*~*~tactically~*~*~ (outnumbered).
 16714 | D:12     | 16714 ||| Stepping ~*~*~tactically~*~*~ (outnumbered).
 16715 | D:12     | 16715 ||| Stepping ~*~*~tactically~*~*~ (outnumbered).
 16716 | D:12     | 16716 ||| Stepping ~*~*~tactically~*~*~ (outnumbered).
 16717 | D:12     | 16717 ||| Stepping ~*~*~tactically~*~*~ (outnumbered).
 16720 | D:12     | 16720 ||| Stepping ~*~*~tactically~*~*~ (outnumbered).
 16721 | D:12     | 16721 ||| INVOKING Heroism.
 16764 | D:12     | Found a staircase to the Orcish Mines.
 16766 | D:12     | 16766 ||| Stepping ~*~*~tactically~*~*~ (stealth).
 16767 | D:12     | 16767 ||| Stepping ~*~*~tactically~*~*~ (stealth).
 16936 | D:12     | 16936 ||| DROPPING scarf of harm.
 16937 | D:12     | 16937 ||| UPGRADING to +4 ring of protection.
 16939 | D:12     | 16939 ||| DROPPING ring of willpower.
 16994 | D:13     | 16994 ||| Stepping ~*~*~tactically~*~*~ (hiding).
 16998 | D:13     | 16998 ||| INVOKING Heroism.
 17198 | D:13     | Found a portal to a secret trove of treasure.
 17244 | D:13     | 17244 ||| INVOKING Heroism.
 17245 | D:13     | 17245 ||| INVOKING Finesse.
 17316 | D:13     | Received a gift from Okawaru
 17440 | D:13     | Found a transporter.
 17442 | D:13     | Found a transporter.
 17641 | D:14     | 17641 ||| Stepping ~*~*~tactically~*~*~ (stealth).
 17645 | D:14     | 17645 ||| INVOKING Heroism.
 17651 | D:14     | 17651 ||| Stepping ~*~*~tactically~*~*~ (outnumbered).
 17653 | D:14     | 17653 ||| Stepping ~*~*~tactically~*~*~ (outnumbered).
 17692 | D:14     | Noticed Lodul
 17692 | D:14     | 17692 ||| Stepping ~*~*~tactically~*~*~ (stealth).
 17693 | D:14     | 17693 ||| INVOKING Heroism.
 17694 | D:14     | 17694 ||| INVOKING Finesse.
 17701 | D:14     | Killed Lodul
 17801 | D:14     | 17801 ||| Stepping ~*~*~tactically~*~*~ (hiding).
 17805 | D:14     | Reached skill level 9 in Invocations
 17805 | D:14     | Reached XP level 15. HP: 146/146 MP: 20/20
 17930 | D:14     | 17930 ||| Stepping ~*~*~tactically~*~*~ (stealth).
 17946 | D:14     | 17946 ||| FLEEEEING.
 17947 | D:14     | 17947 ||| FLEEEEING.
 17980 | D:14     | 17980 ||| FLEEEEING.
 17980 | D:14     | Found a gate to the Vaults.
 17981 | D:14     | 17981 ||| FLEEEEING.
 17982 | D:14     | 17982 ||| FLEEEEING.
 17997 | D:14     | Received a gift from Okawaru
 18009 | D:14     | 18009 ||| INVOKING Heroism.
 18031 | D:14     | 18031 ||| Stepping ~*~*~tactically~*~*~ (stealth).
 18034 | D:14     | Reached skill level 9 in Throwing
 18149 | D:14     | 18149 ||| Stepping ~*~*~tactically~*~*~ (hiding).
 18167 | D:14     | Identified the +4 demon trident of the Blue God {elec, rC+
                  | Dex+4} (Okawaru gifted it to you on level 14 of the
                  | Dungeon)
 18167 | D:14     | Received a gift from Okawaru
 18243 | D:14     | 18243 ||| Stepping ~*~*~tactically~*~*~ (stealth).
 18245 | D:14     | 18245 ||| Stepping ~*~*~tactically~*~*~ (stealth).
 18246 | D:14     | 18246 ||| Stepping ~*~*~tactically~*~*~ (stealth).
 18277 | D:14     | 18277 ||| Stepping ~*~*~tactically~*~*~ (outnumbered).
 18278 | D:14     | 18278 ||| Stepping ~*~*~tactically~*~*~ (outnumbered).
 18279 | D:14     | 18279 ||| Stepping ~*~*~tactically~*~*~ (outnumbered).
 18280 | D:14     | 18280 ||| Stepping ~*~*~tactically~*~*~ (outnumbered).
 18281 | D:14     | 18281 ||| Stepping ~*~*~tactically~*~*~ (outnumbered).
 18282 | D:14     | 18282 ||| Stepping ~*~*~tactically~*~*~ (outnumbered).
 18299 | D:14     | 18299 ||| Stepping ~*~*~tactically~*~*~ (hiding).
 18301 | D:14     | 18301 ||| Stepping ~*~*~tactically~*~*~ (hiding).
 18427 | D:14     | 18427 ||| READING scroll of enchant armour.
 18427 | D:14     | 18427 ||| ENCHANTING +5 swamp dragon scales.
 18647 | D:15     | Entered Level 15 of the Dungeon
 18647 | D:15     | Noticed Uwkoecio's ghost (journeyman HOFi)
 18647 | D:15     | Found a runed translucent gate.
 18647 | D:15     | Found a runed translucent gate.
 18647 | D:15     | Found a runed translucent gate.
 18651 | D:15     | 18651 ||| INVOKING Heroism.
 18673 | D:15     | 18673 ||| INVOKING Finesse.
 18706 | D:15     | 18706 ||| Stepping ~*~*~tactically~*~*~ (stealth).
 18809 | D:15     | 18809 ||| INVOKING Heroism.
 18810 | D:15     | 18810 ||| INVOKING Finesse.
 18904 | D:15     | Found a staircase to the Depths.
 18920 | D:15     | 18920 ||| Stepping ~*~*~tactically~*~*~ (stealth).
 18921 | D:15     | 18921 ||| Stepping ~*~*~tactically~*~*~ (stealth).
 18922 | D:15     | 18922 ||| Stepping ~*~*~tactically~*~*~ (stealth).
 18929 | D:15     | 18929 ||| Stepping ~*~*~tactically~*~*~ (hiding).
 18930 | D:15     | 18930 ||| Stepping ~*~*~tactically~*~*~ (hiding).
 18936 | D:15     | 18936 ||| INVOKING Heroism.
 18992 | D:15     | 18992 ||| INVOKING Heroism.
 18994 | D:15     | 18994 ||| Stepping ~*~*~tactically~*~*~ (outnumbered).
 18995 | D:15     | 18995 ||| Stepping ~*~*~tactically~*~*~ (outnumbered).
 18996 | D:15     | 18996 ||| Stepping ~*~*~tactically~*~*~ (outnumbered).
 18997 | D:15     | 18997 ||| Stepping ~*~*~tactically~*~*~ (outnumbered).
 19003 | D:15     | 19003 ||| Stepping ~*~*~tactically~*~*~ (outnumbered).
 19004 | D:15     | 19004 ||| Stepping ~*~*~tactically~*~*~ (outnumbered).
 19047 | D:15     | 19047 ||| INVOKING Heroism.
 19051 | D:15     | Received a gift from Okawaru
 19051 | D:15     | Found the +11 plutonium sword {Contam Stlth-}
 19052 | D:15     | Reached skill level 21 in Unarmed Combat
 19290 | D:15     | 19290 ||| Stepping ~*~*~tactically~*~*~ (outnumbered).
 19318 | D:15     | 19318 ||| INVOKING Heroism.
 19391 | D:15     | 19391 ||| INVOKING Heroism.
 19393 | D:15     | 19393 ||| Stepping ~*~*~tactically~*~*~ (outnumbered).
 19394 | D:15     | 19394 ||| Stepping ~*~*~tactically~*~*~ (outnumbered).
 19395 | D:15     | 19395 ||| Stepping ~*~*~tactically~*~*~ (outnumbered).
 19396 | D:15     | 19396 ||| Stepping ~*~*~tactically~*~*~ (outnumbered).
 19397 | D:15     | 19397 ||| Stepping ~*~*~tactically~*~*~ (outnumbered).
 19398 | D:15     | 19398 ||| Stepping ~*~*~tactically~*~*~ (outnumbered).
 19399 | D:15     | 19399 ||| Stepping ~*~*~tactically~*~*~ (outnumbered).
 19400 | D:15     | 19400 ||| Stepping ~*~*~tactically~*~*~ (outnumbered).
 19401 | D:15     | 19401 ||| Stepping ~*~*~tactically~*~*~ (outnumbered).
 19404 | D:15     | Reached skill level 3 in Dodging
 19457 | D:15     | 19457 ||| Stepping ~*~*~tactically~*~*~ (hiding).
 19458 | D:15     | 19458 ||| Stepping ~*~*~tactically~*~*~ (hiding).
 19592 | D:15     | 19592 ||| DROPPING orb of energy.
 19593 | D:15     | 19593 ||| PLANNING ORC
 19672 | Orc:1    | Entered Level 1 of the Orcish Mines
 19683 | Orc:1    | 19683 ||| INVOKING Heroism.
 19684 | Orc:1    | 19684 ||| INVOKING Finesse.
 19762 | Orc:1    | 19762 ||| INVOKING Heroism.
 19767 | Orc:1    | 19767 ||| Stepping ~*~*~tactically~*~*~ (outnumbered).
 19768 | Orc:1    | 19768 ||| Stepping ~*~*~tactically~*~*~ (outnumbered).
 19769 | Orc:1    | 19769 ||| Stepping ~*~*~tactically~*~*~ (outnumbered).
 19770 | Orc:1    | 19770 ||| Stepping ~*~*~tactically~*~*~ (outnumbered).
 19771 | Orc:1    | 19771 ||| Stepping ~*~*~tactically~*~*~ (outnumbered).
 19772 | Orc:1    | 19772 ||| Stepping ~*~*~tactically~*~*~ (outnumbered).
 19773 | Orc:1    | 19773 ||| Stepping ~*~*~tactically~*~*~ (outnumbered).
 19774 | Orc:1    | 19774 ||| Stepping ~*~*~tactically~*~*~ (outnumbered).
 19775 | Orc:1    | 19775 ||| Stepping ~*~*~tactically~*~*~ (outnumbered).
 19776 | Orc:1    | 19776 ||| Stepping ~*~*~tactically~*~*~ (outnumbered).
 19777 | Orc:1    | 19777 ||| Stepping ~*~*~tactically~*~*~ (outnumbered).
 19778 | Orc:1    | 19778 ||| Stepping ~*~*~tactically~*~*~ (outnumbered).
 19779 | Orc:1    | 19779 ||| Stepping ~*~*~tactically~*~*~ (outnumbered).
 19780 | Orc:1    | 19780 ||| Stepping ~*~*~tactically~*~*~ (outnumbered).
 19781 | Orc:1    | 19781 ||| Stepping ~*~*~tactically~*~*~ (outnumbered).
 19782 | Orc:1    | 19782 ||| Stepping ~*~*~tactically~*~*~ (outnumbered).
 19783 | Orc:1    | 19783 ||| Stepping ~*~*~tactically~*~*~ (outnumbered).
 19784 | Orc:1    | 19784 ||| Stepping ~*~*~tactically~*~*~ (outnumbered).
 19793 | Orc:1    | 19793 ||| Stepping ~*~*~tactically~*~*~ (stealth).
 19795 | Orc:1    | 19795 ||| Stepping ~*~*~tactically~*~*~ (hiding).
 19801 | Orc:1    | 19801 ||| INVOKING Heroism.
 19946 | Orc:1    | 19946 ||| INVOKING Heroism.
 20113 | Orc:1    | Noticed Urug
 20114 | Orc:1    | 20114 ||| INVOKING Heroism.
 20118 | Orc:1    | Killed Urug
 20149 | Orc:1    | Found a bloodstained altar of Trog.
 20156 | Orc:1    | 20156 ||| Stepping ~*~*~tactically~*~*~ (stealth).
 20160 | Orc:1    | 20160 ||| Stepping ~*~*~tactically~*~*~ (stealth).
 20162 | Orc:1    | 20162 ||| Stepping ~*~*~tactically~*~*~ (stealth).
 20163 | Orc:1    | 20163 ||| Stepping ~*~*~tactically~*~*~ (stealth).
 20165 | Orc:1    | 20165 ||| Stepping ~*~*~tactically~*~*~ (hiding).
 20345 | Orc:1    | 20345 ||| Stepping ~*~*~tactically~*~*~ (stealth).
 20348 | Orc:1    | Identified the +8 arbalest "Jaqataho" {freeze, Will- Str+4
                  | Dex+6 Stlth+}
 20349 | Orc:1    | 20349 ||| Stepping ~*~*~tactically~*~*~ (hiding).
 20355 | Orc:1    | 20355 ||| INVOKING Heroism.
 20396 | Orc:1    | 20396 ||| INVOKING Heroism.
 20461 | Orc:1    | Found the +12 pair of quick blades "Gyre" and "Gimble"
                  | {protect}
 20469 | Orc:1    | Identified the +4 hand axe of the Extremes {freeze, Will+}
 20622 | Orc:2    | Entered Level 2 of the Orcish Mines
 20623 | Orc:2    | 20623 ||| INVOKING Heroism.
 20624 | Orc:2    | 20624 ||| STAIRDANCE
 20785 | Orc:2    | 20785 ||| STAIRDANCE
 20787 | Orc:1    | 20787 ||| Stepping ~*~*~tactically~*~*~ (outnumbered).
 20788 | Orc:1    | 20788 ||| Stepping ~*~*~tactically~*~*~ (outnumbered).
 20789 | Orc:1    | 20789 ||| Stepping ~*~*~tactically~*~*~ (outnumbered).
 20790 | Orc:1    | 20790 ||| Stepping ~*~*~tactically~*~*~ (outnumbered).
 20802 | Orc:2    | 20802 ||| STAIRDANCE
 20812 | Orc:2    | 20812 ||| STAIRDANCE
 20823 | Orc:2    | Found a staircase to the Elven Halls.
 20861 | Orc:2    | 20861 ||| Stepping ~*~*~tactically~*~*~ (stealth).
 20867 | Orc:2    | 20867 ||| Stepping ~*~*~tactically~*~*~ (outnumbered).
 20868 | Orc:2    | 20868 ||| Stepping ~*~*~tactically~*~*~ (outnumbered).
 20869 | Orc:2    | 20869 ||| Stepping ~*~*~tactically~*~*~ (outnumbered).
 20870 | Orc:2    | 20870 ||| Stepping ~*~*~tactically~*~*~ (outnumbered).
 20882 | Orc:2    | 20882 ||| Stepping ~*~*~tactically~*~*~ (stealth).
 20886 | Orc:2    | 20886 ||| Stepping ~*~*~tactically~*~*~ (stealth).
 20887 | Orc:2    | 20887 ||| Stepping ~*~*~tactically~*~*~ (stealth).
 20888 | Orc:2    | 20888 ||| Stepping ~*~*~tactically~*~*~ (stealth).
 20891 | Orc:2    | 20891 ||| Stepping ~*~*~tactically~*~*~ (hiding).
 20897 | Orc:2    | 20897 ||| Stepping ~*~*~tactically~*~*~ (hiding).
 21002 | Orc:2    | 21002 ||| Stepping ~*~*~tactically~*~*~ (stealth).
 21005 | Orc:2    | 21005 ||| Stepping ~*~*~tactically~*~*~ (hiding).
 21006 | Orc:2    | 21006 ||| Stepping ~*~*~tactically~*~*~ (hiding).
 21049 | Orc:2    | 21049 ||| Stepping ~*~*~tactically~*~*~ (hiding).
 21151 | Orc:2    | 21151 ||| Stepping ~*~*~tactically~*~*~ (stealth).
 21153 | Orc:2    | 21153 ||| Stepping ~*~*~tactically~*~*~ (hiding).
 21155 | Orc:2    | 21155 ||| INVOKING Heroism.
 21155 | Orc:2    | Noticed Sonja
 21156 | Orc:2    | 21156 ||| INVOKING Finesse.
 21161 | Orc:2    | 21161 ||| Stepping ~*~*~tactically~*~*~ (hiding).
 21185 | Orc:2    | Killed Sonja
 21362 | Orc:2    | 21362 ||| Stepping ~*~*~tactically~*~*~ (hiding).
 21363 | Orc:2    | 21363 ||| INVOKING Heroism.
 21367 | Orc:2    | 21367 ||| Stepping ~*~*~tactically~*~*~ (outnumbered).
 21377 | Orc:2    | 21377 ||| Stepping ~*~*~tactically~*~*~ (outnumbered).
 21379 | Orc:2    | 21379 ||| Stepping ~*~*~tactically~*~*~ (cloud).
 21410 | Orc:2    | 21410 ||| Stepping ~*~*~tactically~*~*~ (stealth).
 21413 | Orc:2    | 21413 ||| Stepping ~*~*~tactically~*~*~ (stealth).
 21424 | Orc:2    | 21424 ||| INVOKING Heroism.
 21426 | Orc:2    | 21426 ||| Stepping ~*~*~tactically~*~*~ (outnumbered).
 21428 | Orc:2    | 21428 ||| Stepping ~*~*~tactically~*~*~ (outnumbered).
 21430 | Orc:2    | 21430 ||| Stepping ~*~*~tactically~*~*~ (outnumbered).
 21432 | Orc:2    | 21432 ||| Stepping ~*~*~tactically~*~*~ (outnumbered).
 21501 | Orc:2    | 21501 ||| Stepping ~*~*~tactically~*~*~ (outnumbered).
 21503 | Orc:2    | 21503 ||| Stepping ~*~*~tactically~*~*~ (outnumbered).
 21505 | Orc:2    | 21505 ||| INVOKING Heroism.
 21506 | Orc:2    | 21506 ||| Stepping ~*~*~tactically~*~*~ (outnumbered).
 21513 | Orc:2    | 21513 ||| Stepping ~*~*~tactically~*~*~ (outnumbered).
 21534 | Orc:2    | 21534 ||| Stepping ~*~*~tactically~*~*~ (outnumbered).
 21537 | Orc:2    | 21537 ||| Stepping ~*~*~tactically~*~*~ (outnumbered).
 21541 | Orc:2    | 21541 ||| Stepping ~*~*~tactically~*~*~ (outnumbered).
 21543 | Orc:2    | 21543 ||| Stepping ~*~*~tactically~*~*~ (outnumbered).
 21549 | Orc:2    | 21549 ||| Stepping ~*~*~tactically~*~*~ (outnumbered).
 21550 | Orc:2    | HP: 23/149 [orc warrior/+0 halberd (22)]
 21550 | Orc:2    | HP: 11/149 [orc warrior/+4 broad axe (12)]
 21551 | Orc:2    | 21551 ||| READING 2 scrolls of teleportation.
 21551 | Orc:2    | Mangled by an orc warrior

Levels and vault maps discovered:
D:1:      dpeg_arrival_rooms_b, layout_loops_corners,
          dreamdust_ecumenical_altar_drowned_temple
D:2:      layout_basic
D:3:      kb_forest_paths, layout_basic, minivault_23
D:4:      layout_loops_cross, minmay_overflow_temple_star_quad,
          mainiacjoe_overflow_catwalk_spiral, lightli_corner_chamber
D:5:      black_bear_nest_1, layout_loops_ring, minmay_temple_entry_wispy,
          gup_sewer_entry_spiral, enter_ossuary_1, uniq_ijyb
D:6:      layout_basic, uniq_crazy_yiuf_cottage
D:7:      layout_basic, okawaru_humans, amcnicky_altar_gilded, serial_bayou,
          serial_bayou_pond_c, serial_bayou_pond_e, serial_bayou_pond_b,
          serial_bayou_pond_c, serial_bayou_pond_c
D:8:      layout_rooms, grunt_lair_entry_orc_guard_hut, minivault_23,
          nicolae_shop_unique_rings, nicolae_blasting_shop, st_stairs_12,
          grunt_potential, uniq_pikel, uniq_psyche, uniq_maggie
D:9:      layout_gridville, serial_shops, nicolae_shop_hallway_plus,
          serial_bayou_pond_d, minmay_puff
D:10:     minmay_chambers_of_sevens, layout_loops_cross, gammafunk_ghost_hive,
          nicolae_benzene_ring, dk_noncrumbling_2
D:11:     layout_basic
D:12:     minmay_diamond_stairs, layout_long_grid, david_orc_5,
          mrwooster_statue_mirror, minmay_statue_crystal_thing
D:13:     gammafunk_boulding_lane, layout_loops_cross, enter_trove_0,
          chequers_serial_rivers_small_b, wad_floor_pattern_untrapped,
          kennysheep_crisscross
D:14:     layout_gridville, erik_vaults_1, amcnicky_mini_pool_small, uniq_lodul
D:15:     hangedman_depths_entry_civil_slaughter, layout_small_grid,
          ebering_ghost_rock_garden, eino_house_with_fridge
Lair:1:   layout_gridlike
Lair:2:   layout_gridlike, nicolae_spider_entry_tight_spaces,
          nicolae_volcano_entry_batcave, serial_bayou_lake_a
Lair:3:   layout_gridlike, minmay_shoals_entry_hut, guppyfry_lair_drakes,
          grunt_megastairs_1, lemuel_fruit_fields, uniq_snorg
Lair:4:   layout_roguey, slime_entry_1, lemuel_fruit_fields
Lair:5:   evilmike_catoblepas_cave, layout_concentric_octagons,
          lemuel_fruit_fields, lemuel_fruit_tree, infiniplex_staircase_pool_2
Orc:1:    giant_chief_lemuel, layout_caves, basic_altar, uniq_nergalle,
          uniq_urug
Orc:2:    st_orc_rangers, layout_diamond_mine, uniq_sonja

Skill      XL: |  1  2  3  4  5  6  7  8  9 10 11 12 13 14 15 |
---------------+----------------------------------------------+-----
Unarmed Combat | 4 5 7 8 9 15 16 17 19 20 21 | 21.7
Fighting       | 3 4 5 6 7 8 9 10 | 10.0
Throwing       | 1 2 5 8 9 |  9.0
Dodging        | 1 2 3 |  3.1
Armour         | 3 4 |  4.0
Invocations    | 5 9 10 | 10.0
Spellcasting   | |  1.0
Fire Magic     | |  2.1

Action                   |  1- 3 |  4- 6 |  7- 9 | 10-12 | 13-15 || total
-------------------------+-------+-------+-------+-------+-------++-------
Melee: Unarmed           |   104 |   147 |   146 |   475 |   913 ||  1785
       Punch             |       |     3 |     6 |    33 |   105 ||   147
Throw: Boomerang         |       |    28 |    53 |    54 |    47 ||   182
       Javelin           |       |       |       |    50 |    51 ||   101
       Large rock        |       |       |       |       |   133 ||   133
Invok: Fiery Armour      |       |     2 |     3 |     8 |       ||    13
       Heroism           |       |       |       |       |    48 ||    48
       Finesse           |       |       |       |       |    10 ||    10
  Use: Scroll            |     5 |     8 |     6 |     5 |    14 ||    38
       Potion            |       |     2 |     1 |     6 |     4 ||    13
 Stab: Distracted        |       |       |       |       |     4 ||     4
Armor: Robe              |    23 |    50 |    41 |    66 |       ||   180
       Swamp dragon scal |       |       |       |   179 |   363 ||   542
Dodge: Dodged            |    48 |    41 |    52 |   199 |   434 ||   774
       Repelled          |       |       |       |     1 |     9 ||    10

Table legend:
 A = Non-vault XP
 B = Vault XP
 C = Vault XP percentage of total XP
 D = Non-vault monster count
 E = Vault monster count
 F = Vault count percentage of total count
                 A         B        C        D         E       F
            +---------+---------+-------+---------+---------+-------
      Total |   87652 |   62316 |  41.6 |     473 |     265 |  35.9
            +---------+---------+-------+---------+---------+-------
        D:1 |      23 |       1 |   4.2 |      17 |       1 |   5.6
        D:2 |     125 |       0 |   0.0 |      28 |       0 |   0.0
        D:3 |     154 |      10 |   6.1 |      18 |       6 |  25.0
        D:4 |     402 |       0 |   0.0 |      30 |       0 |   0.0
        D:5 |     806 |     204 |  20.2 |      19 |       9 |  32.1
        D:6 |    1244 |       0 |   0.0 |      26 |       0 |   0.0
        D:7 |    1359 |     495 |  26.7 |      22 |       5 |  18.5
        D:8 |    2372 |    3737 |  61.2 |      18 |      31 |  63.3
        D:9 |    1588 |     573 |  26.5 |      14 |       5 |  26.3
       D:10 |    2843 |    5053 |  64.0 |      17 |      14 |  45.2
       D:11 |    1686 |       0 |   0.0 |      13 |       0 |   0.0
       D:12 |    1255 |    5644 |  81.8 |       4 |      29 |  87.9
       D:13 |    5147 |       0 |   0.0 |       8 |       0 |   0.0
       D:14 |   11040 |    3419 |  23.6 |      25 |      12 |  32.4
       D:15 |    7633 |    4958 |  39.4 |      15 |      18 |  54.5
     Lair:1 |   10414 |       0 |   0.0 |      31 |       0 |   0.0
     Lair:2 |    8309 |    2576 |  23.7 |      38 |      11 |  22.4
     Lair:3 |    6964 |    4317 |  38.3 |      27 |       9 |  25.0
     Lair:4 |    2773 |       0 |   0.0 |      12 |       0 |   0.0
     Lair:5 |   16643 |   10933 |  39.6 |      49 |      23 |  31.9
      Orc:1 |    1477 |   15708 |  91.4 |      21 |      32 |  60.4
      Orc:2 |    3395 |    4075 |  54.6 |      21 |      30 |  58.8
      Sewer |       0 |     613 | 100.0 |       0 |      30 | 100.0
            +---------+---------+-------+---------+---------+-------
